 Dungeon Crawl Stone Soup version 0.31-a0-339-gda1cbd555d (webtiles) character file.

Game seed: 15712421391853796275

6561 AIAndy the Mimic (level 11, -20/76 HPs)
             Began as an Octopode Shapeshifter on July 19, 2023.
             Was an Elder of Okawaru.
             Demolished by a two-headed ogre
             ... wielding a +0 giant spiked club
              (26 damage)
             ... on level 9 of the Dungeon on July 20, 2023.
             The game lasted 00:33:04 (8391 turns).

AIAndy the Mimic (Octopode Shapeshifter)            Turns: 8391, Time: 00:33:05

Health: -20/76     AC:  9    Str: 24    XL:     11   Next: 1%
Magic:  0/21       EV: 12    Int:  5    God:    Okawaru [****..]
Gold:   513        SH:  0    Dex: 13    Spells: 10/10 levels left

rFire   x .          .
                       - Unarmed
rCold   + + .        (shield currently unavailable)
rNeg    . . .        (helmet currently unavailable)
rPois   .            n - amulet of the Equinox {Spirit Harm rC+ Int-5}
rElec   .            C - ring of ice
rCorr   .            W - ring of magical power
SInv    +            H - ring of Nullyll {Wiz Will- Slay+3 SInv}
Will    .....        (no ring)
Stlth   +++          (no ring)
HPRegen 0.32/turn    (no ring)
MPRegen 0.17/turn    (no ring)
                     (no ring)

%: harm (+30% outgoing, +20% incoming), guardian spirit, wizardry (x1)
@: snake-form, heroic
A: constrict, boosted hp, almost no armour, amphibious, 8 rings, large,
(camouflage 1), (gelatinous body 1), (nimble swimmer 1), (tentacles)
a: Begin Untransformation, Renounce Religion, Heroism, Finesse


You were on level 9 of the Dungeon.
You worshipped Okawaru.
Okawaru was greatly pleased with you.
You were an enormous anaconda.
You visited 1 branch of the dungeon, and saw 9 of its levels.

You collected 513 gold pieces.


Innate Abilities, Weirdness & Mutations

You are an enormous anaconda.
You have a powerful constriction melee attack.
Your maximum health is increased.
Your armour is entirely melded.
You are incapable of wielding weapons or throwing items.
You cannot wear most types of armour.
You are amphibious.
You can wear up to eight rings at the same time.
((Your skin changes colour to match your surroundings (Stealth+).))
((Your rubbery body absorbs attacks. (AC +1, EV +1)))
((You are camouflaged when in or above water. (Stealth+)))
((You have tentacles for arms and can constrict up to eight enemies at once.))


   Skills:
 + Level 2.0(7.0) Fighting
 + Level 2.0(7.0) Dodging
 + Level 10.5(15.5) Unarmed Combat
 - Level 2.6 Invocations
 + Level 11.0 Shapeshifting


You had 10 spell levels left.
You didn't know any spells.
Your spell library contained the following spells:

 Spells                   Type           Power      Damage    Failure   Level
 Slow                     Hex            0%         N/A       21%         1
 Ensorcelled Hibernation  Hex/Ice        0%         N/A       32%         2
 Poisonous Vapours        Pois/Air       0%         N/A       32%         2
 Confusing Touch          Hex            0%         N/A       52%         3
 Hailstorm                Conj/Ice       0%         3d3       52%         3
 Vampiric Draining        Necr           0%         2d6       52%         3
 Vhi's Electric Charge    Tloc/Air       0%         N/A       52%         3
 Anguish                  Hex/Necr       0%         N/A       88%         4
 Irradiate                Conj/Tmut      0%         3d11      99%         5
 Summon Ice Beast         Ice/Summ       Unusable   N/A       N/A         4
 Simulacrum               Ice/Necr       Unusable   N/A       N/A         6

Inventory:

Hand Weapons
 D - the +4 mace of the Spheres {speed, rN+}
   (You found it on level 7 of the Dungeon)

   rN:        It protects you from negative energy.
Missiles
 j - 16 boomerangs
 k - 2 throwing nets {=f}
 A - 10 poisoned darts
Jewellery
 n - the amulet of the Equinox (around neck) {Spirit Harm rC+ Int-5}
   (You found it on level 4 of the Dungeon)

   [amulet of guardian spirit]

   It causes incoming damage to be divided between your reserves of health and
   magic.
   Int:       It affects your intelligence (-5).
   rC:        It protects you from cold.
   Harm:      It increases damage dealt and taken.
 v - an amulet of the acrobat
 C - a ring of ice (left tentacle)
 H - the ring of Nullyll (on tentacle) {Wiz Will- Slay+3 SInv}
   (You took it off an orc on level 9 of the Dungeon)

   [ring of wizardry]

   It improves your spell success rate.
   Slay:      It affects your accuracy & damage with ranged weapons and melee
   (+3).
   SInv:      It lets you see invisible.
   Will:      It decreases your willpower.
 W - a ring of magical power (right tentacle)
Talismans
 b - a beast talisman
 i - a serpent talisman
Wands
 w - a wand of polymorph (7)
 B - a wand of roots (10)
Scrolls
 c - 4 scrolls of teleportation {unknown}
 e - 4 scrolls of vulnerability {unknown}
 g - a scroll of blinking {unknown}
 h - 2 scrolls of fear {unknown}
 l - 5 scrolls of identify {unknown}
 m - a scroll of silence {unknown}
 p - 2 scrolls of poison {unknown}
 r - a scroll of immolation {unknown}
 t - a scroll of fog {unknown}
 u - a scroll of amnesia {unknown}
 y - 2 scrolls of brand weapon {unknown}
 z - a scroll of enchant armour {unknown}
Potions
 a - 2 potions of lignification {!q}
 d - 2 potions of heal wounds {unknown}
 f - 3 potions of haste {unknown}
 o - 2 potions of curing {unknown}
 q - a potion of magic {unknown}
 s - 2 potions of mutation {unknown}
 x - a potion of degeneration {unknown}
 E - a potion of attraction {unknown}
 F - 2 potions of might {unknown}
Miscellaneous
 G - a phial of floods

Dungeon Overview and Level Annotations

Branches:
Dungeon (9/15)             Temple (0/1) D:6            Lair (0/5) D:8
    Orc (0/2) D:9

Altars:
Elyvilon
Gozag
Kikubaaqudgha
Nemelex Xobeh
Okawaru
Ru
Uskayaw
Wu Jian
Xom
Yredelemnul
Zin
The Shining One

Shops:
D:7 [   D:8 *

Annotations:
D:6 2 transporters, paps's ghost, novice DESu

#).# #))#
#######..# #.
.........##
#.#
...#####...#
#.#
...........#
#o#
##.####....#
#o#
#.####....#
▒o#
#.......S.#▒.▒
#########O#.▒
#..## #.## #.#
#.# #.# ..#
###


You could see a two-headed ogre.


Message History

Use which ability? (? or * to list)
You gain the combat prowess of a mighty hero.
You hear a roar!
You hear an angry buzzing noise. x2
An orc warrior comes into view. It is wielding a +0 mace.
The two-headed ogre hits you with a +0 giant spiked club!!
* * * LOW HITPOINT WARNING * * *
The two-headed ogre closely misses you.
You hear a howl!
Aiming: Polymorph
Press: ? - help, Shift-Dir - straight line, f - two-headed ogre
Aim: a two-headed ogre, wielding a +0 giant spiked club and a +0 giant club (will become a komodo dragon, a tyrant leech, or a yak, chance to affect: 31%)
Okay, then.
You hit the two-headed ogre. You grab the two-headed ogre.
The two-headed ogre is lightly wounded.
You constrict the two-headed ogre.
An orc comes into view. It is wielding a +0 whip.
An orc priest comes into view. It is wielding a +2 flail of draining.
Okay, then.
You release your grip on the two-headed ogre.
The two-headed ogre attacks as you move away!
The two-headed ogre hits you with a +0 giant spiked club!
* * * LOW HITPOINT WARNING * * *
The two-headed ogre barely misses you.
The orc priest mumbles some strange prayers to Beogh against you.
Beogh smites you!
* * * LOW HITPOINT WARNING * * *
The two-headed ogre attacks as you move away!
The two-headed ogre misses you.
The two-headed ogre hits you with a +0 giant club!!
You die...

Skill      XL: |  1  2  3  4  5  6  7  8  9 10 |
---------------+-------------------------------+-----
Unarmed Combat | 3 5 10 | 10.5
Invocations    | 1 2 |  2.6
Shapeshifting  | 4 5 7 9 11 | 11.0
Fighting       | |  2.0
Dodging        | |  2.0

Action                     |  1- 3 |  4- 6 |  7- 9 | 10-12 || total
---------------------------+-------+-------+-------+-------++-------
  Melee: Unarmed           |    49 |   139 |   186 |   183 ||   557
         Constrict         |    15 |    30 |    43 |    37 ||   125
         Tentacles         |    13 |    10 |       |       ||    23
         Punch             |       |     2 |       |       ||     2
 Invoke: Heroism           |       |       |    11 |     7 ||    18
  Evoke: Wand              |       |       |       |     5 ||     5
   Stab: Sleeping          |     4 |     6 |     1 |     1 ||    12
         Distracted        |       |     1 |       |       ||     1
 Armour: Skin              |     2 |    34 |    85 |    53 ||   174
  Dodge: Dodged            |    29 |    60 |    74 |    75 ||   238
   Form: Anaconda          |       |     1 |       |       ||     1

Levels and vault maps discovered:
D:1:      dpeg_arrival_signposts, layout_loops_ring,
          hellmonk_ecumenical_altar_arch_garden
D:2:      layout_loops_cross, uniq_jessica, uniq_terence
D:3:      layout_loops_cross, mainiacjoe_overflow_24_doors, uniq_robin
D:4:      minmay_skewed_foursquare, layout_gridville, okawaru_gym_becter,
          grunt_temple_overflow_open
D:5:      layout_loops_corners, old_standard_altar, minmay_misc_feat_plants
D:6:      layout_loops_ring, mainiacjoe_overflow_small_starburst,
          minmay_temple_entry_ruins, gammafunk_ghost_arena, uniq_sigmund
D:7:      layout_gridville, lemuel_zombie_altar_kikubaaqudgha,
          old_standard_altar, serial_shops, nicolae_shop_mannequins,
          solitary_fountain, uniq_menkaure, uniq_maggie
D:8:      layout_basic, kennysheep_mini_moat, zin_purify, erik_lair_island
D:9:      minmay_imperfect_grid, layout_basic, nicolae_overflow_crystal_walls,
          hiddenorc2_lemuel

Notes
Turn   | Place    | Note
-------+----------+-------------------------------------------
     0 | D:1      | AIAndy the Octopode Shapeshifter began the quest for the
                  | Orb.
     0 | D:1      | Reached XP level 1. HP: 14/14 MP: 1/1
   183 | D:1      | Reached XP level 2. HP: 19/19 MP: 2/2
   358 | D:1      | Found a faded altar of an unknown god.
   369 | D:1      | Prayed at the altar of an unknown god.
   369 | D:1      | Became a worshipper of Warmaster Okawaru
   369 | D:1      | Reached * piety under Okawaru
   570 | D:1      | Reached XP level 3. HP: 19/24 MP: 3/3
   788 | D:2      | Noticed Jessica
   789 | D:2      | Noticed Terence
   838 | D:2      | Killed Terence
   839 | D:2      | Reached skill level 3 in Unarmed Combat
   839 | D:2      | Reached skill level 1 in Invocations
  1011 | D:2      | Reached XP level 4. HP: 29/29 MP: 4/4
  1572 | D:2      | Killed Jessica
  1573 | D:2      | Reached skill level 2 in Invocations
  1573 | D:2      | Reached XP level 5. HP: 34/34 MP: 6/6
  1651 | D:3      | Reached skill level 4 in Shapeshifting
  1828 | D:3      | Reached ** piety under Okawaru
  2092 | D:3      | Found a basalt altar of Yredelemnul.
  2093 | D:3      | Noticed Robin
  2108 | D:3      | Killed Robin
  2109 | D:3      | Reached XP level 6. HP: 12/39 MP: 7/7
  2491 | D:4      | Reached skill level 5 in Shapeshifting
  2600 | D:4      | Found a glowing golden altar of the Shining One.
  2603 | D:4      | Found a sparkling altar of Nemelex Xobeh.
  2605 | D:4      | Found a shimmering altar of Xom.
  2657 | D:4      | Reached XP level 7. HP: 30/45 MP: 8/8
  2729 | D:4      | Found an iron altar of Okawaru.
  2747 | D:4      | Identified the amulet of the Equinox {Spirit Harm rC+
                  | Int-5}
  2996 | D:4      | Reached skill level 6 in Shapeshifting
  3199 | D:5      | Entered Level 5 of the Dungeon
  3592 | D:5      | Found a sacrificial altar of Ru.
  4169 | D:6      | Got the Book of Stormy Reformation
  4183 | D:6      | Reached skill level 7 in Shapeshifting
  4183 | D:6      | Reached XP level 8. HP: 49/50 MP: 9/9
  4201 | D:6      | Noticed paps's ghost (novice DESu)
  4228 | D:6      | Found a staircase to the Ecumenical Temple.
  4256 | D:6      | Reached *** piety under Okawaru
  4438 | D:6      | Found a transporter.
  4453 | D:6      | Reached skill level 8 in Shapeshifting
  4475 | D:6      | HP: 5/57 [poisoned by a water moccasin]
  4667 | D:6      | Noticed Sigmund
  4673 | D:6      | Killed Sigmund
  4674 | D:6      | Reached skill level 9 in Shapeshifting
  4826 | D:6      | Found a white marble altar of Elyvilon.
  4867 | D:6      | Found a transporter.
  5032 | D:7      | Noticed Maggie
  5040 | D:7      | Killed Maggie
  5041 | D:7      | Reached XP level 9. HP: 40/54 MP: 9/10
  5243 | D:7      | Reached skill level 10 in Shapeshifting
  5376 | D:7      | Found an opulent altar of Gozag.
  5392 | D:7      | Found Feshrexir's Armour Emporium.
  5392 | D:7      | Identified +0 pearl dragon scales
  5392 | D:7      | Noticed an animated pearl dragon scales
  5392 | D:7      | Noticed an animated storm dragon scales
  5631 | D:7      | Found an ancient bone altar of Kikubaaqudgha.
  5758 | D:7      | Noticed Menkaure
  5764 | D:7      | Killed Menkaure
  5824 | D:7      | Identified the +4 mace of the Spheres {speed, rN+}
  5996 | D:8      | Noticed a troll
  6005 | D:8      | Killed a troll
  6021 | D:8      | Reached skill level 11 in Shapeshifting
  6027 | D:8      | Reached **** piety under Okawaru
  6028 | D:8      | Reached skill level 4 in Unarmed Combat
  6095 | D:8      | Found a glowing silver altar of Zin.
  6097 | D:8      | Found Zin's Purification Station.
  6281 | D:8      | Found a staircase to the Lair.
  6483 | D:8      | Reached skill level 5 in Unarmed Combat
  6483 | D:8      | Reached XP level 10. HP: 55/60 MP: 11/11
  6685 | D:8      | Reached skill level 6 in Unarmed Combat
  6896 | D:8      | Reached skill level 7 in Unarmed Combat
  7199 | D:8      | Found a hide-covered altar of Uskayaw.
  7386 | D:9      | Found a staircase to the Orcish Mines.
  7390 | D:9      | Reached skill level 8 in Unarmed Combat
  7636 | D:9      | Found an ornate altar of the Wu Jian Council.
  7673 | D:9      | Identified the ring of Nullyll {Wiz Will- Slay+3 SInv}
  7824 | D:9      | Upgraded the game from 0.31-a0-329-g52107efa6a to
                  | 0.31-a0-339-gda1cbd555d
  7867 | D:9      | Reached skill level 9 in Unarmed Combat
  7868 | D:9      | Received a gift from Okawaru
  8099 | D:9      | Noticed a two-headed ogre
  8276 | D:9      | Killed a two-headed ogre
  8277 | D:9      | Reached skill level 10 in Unarmed Combat
  8321 | D:9      | Reached XP level 11. HP: 64/64 MP: 12/12
  8383 | D:9      | Noticed a two-headed ogre
  8388 | D:9      | HP: 5/76 [orc priest/divine providence (12)]
  8391 | D:9      | Demolished by a two-headed ogre

Vanquished Creatures
  A two-headed ogre (D:9)
  Maggie (D:7)
  A troll (D:8)
  Sigmund (D:6)
  3 wyverns
  3 steam dragons
  Menkaure (D:7)
  An acid dragon (D:8)
  2 water moccasins (D:6)
  5 orc warriors
  2 black bears (D:6)
  A sky beast (D:8)
  2 ice beasts
  3 wolves (D:8)
  2 centaurs
  An ogre (D:4)
  A kobold brigand (D:9)
  A gnoll sergeant (D:9)
  2 scorpions (D:4)
  3 bullfrogs
  3 wights (D:9)
  15 killer bees
  A howler monkey (D:9)
  4 electric eels
  5 hounds
  3 jellies
  4 orc priests
  Jessica (D:2)
  2 gnoll boudas
  3 iguanas
  7 orc wizards
  Terence (D:2)
  Robin (D:3)
  8 adders
  15 gnolls
  A shadow imp (D:8)
  A white imp (D:7)
  An ufetubus (D:4)
  2 worms
  2 dart slugs
  65 orcs
  10 ball pythons
  2 bat zombies (D:7)
  5 endoplasms
  3 giant cockroaches
  8 hobgoblins
  4 jackals (D:3)
  7 kobolds
  8 quokkas
  4 bats
  A frilled lizard (D:3)
  19 goblins
  8 rats
  A rat zombie (D:7)
262 creatures vanquished.

Vanquished Creatures (others)
  A white imp (D:8)
  An orc (D:8)
2 creatures vanquished.

Grand Total: 264 creatures vanquished

Table legend: (Time is in decaauts)
 A = Elapsed time spent in this place.
 B = Non-inter-level travel time spent in this place.
 C = Inter-level travel time spent in this place.
 D = Time resting spent in this place.
 E = Time spent auto-exploring this place.
 F = Levels seen in this place.
 G = Mean time per level.
                   A        B        C        D        E       F      G
               +--------+--------+--------+--------+--------+-----+--------+
         Total |   8331 |   8135 |    196 |    736 |   5854 |   9 |  925.7 |
       Dungeon |   8331 |   8135 |    196 |    736 |   5854 |   9 |  925.7 |
               +--------+--------+--------+--------+--------+-----+--------+

Top non-repeatable levels by time:
     D:8: 1329 daAuts
     D:5: 1067 daAuts
     D:9: 1040 daAuts
     D:7: 1018 daAuts
     D:2: 836 daAuts
     D:1: 807 daAuts
     D:4: 788 daAuts
     D:3: 757 daAuts
     D:6: 686 daAuts

Table legend:
 A = Non-vault XP
 B = Vault XP
 C = Vault XP percentage of total XP
 D = Non-vault monster count
 E = Vault monster count
 F = Vault count percentage of total count
                 A         B        C        D         E       F
            +---------+---------+-------+---------+---------+-------
      Total |    6882 |    2491 |  26.6 |     198 |      65 |  24.7
            +---------+---------+-------+---------+---------+-------
        D:1 |      39 |       0 |   0.0 |      24 |       0 |   0.0
        D:2 |      76 |      69 |  47.6 |      21 |       2 |   8.7
        D:3 |     138 |      36 |  20.7 |      23 |      12 |  34.3
        D:4 |     396 |     146 |  26.9 |      30 |       3 |   9.1
        D:5 |     242 |       0 |   0.0 |      14 |       0 |   0.0
        D:6 |     912 |     223 |  19.6 |      15 |       1 |   6.2
        D:7 |     879 |     559 |  38.9 |      15 |       5 |  25.0
        D:8 |    1571 |     801 |  33.8 |      26 |       7 |  21.2
        D:9 |    2629 |     657 |  20.0 |      30 |      35 |  53.8
            +---------+---------+-------+---------+---------+-------
